Map: Automaton LE

Players

BadFaith - Winner!

  • Race: Zerg Zerg
  • League: Platinum
  • Spawn Location: 3:00

Tunkz

  • Race: Terran Terran
  • League: Platinum
  • Spawn Location: 9:00

VOD

Have the link to the VOD?

Description

Time

  • Played on: Dec. 13, 2018, 11:05 a.m.
  • Length: 18:15
Show
View Real Time Build Order
Export as new Build Order

BadFaith Zerg - Winner!

Build Orders: Hatch First, Zergling Baneling 

Get SALT Encoding   

  12  0:01  Drone  
  13  0:12  Overlord  
  13  0:18  Drone  
  14  0:31  Drone x2  
  14  0:34  Drone  
  17  0:58  Hatchery, Drone  
  17  1:01  Extractor  
  17  1:03  Drone  
  17  1:17  Spawning Pool  
  16  1:21  Drone  
  16  1:24  Drone  
  18  1:28  Drone  
  19  1:39  Drone  
  20  1:50  Overlord  
  20  2:00  Drone  
  21  2:03  Metabolic Boost  
  21  2:09  Queen  
  21  2:10  Zergling x2  
  21  2:13  Drone  
  25  2:18  Queen  
  25  2:22  Drone  
  28  2:25  Drone  
  29  2:31  Drone  
  29  2:35  Overlord  
  30  2:42  Drone  
  31  2:47  Drone  
  31  2:49  Queen  
  34  2:53  Drone  
  34  2:54  Drone  
  36  3:04  Drone  
  37  3:07  Overlord  
  37  3:12  Queen  
  39  3:19  Overlord  
  39  3:20  Overlord  
  39  3:25  Baneling Nest, Drone  
  39  3:30  Drone x2  
  39  3:31  Drone  
  42  3:36  Zergling x4  
  42  3:37  Zergling x2  
  45  3:49  Zergling x4  
  47  3:56  Drone x2  
  49  4:04  Zergling x2  
  50  4:13  Zergling x2  
  51  4:18  Evolution Chamber  
  51  4:19  Evolution Chamber, Baneling x8  
  48  4:26  Zergling x12  
  50  4:36  Zergling x2  
  46  4:43  Zergling x4  
  44  4:49  Zergling x2  
  43  4:53  Drone  
  43  4:58  Extractor  
  45  5:00  Extractor, Zerg Ground Armor Level 1  
  45  5:02  Drone  
  45  5:03  Extractor  
  44  5:08  Drone  
  45  5:15  Drone x2  
  45  5:22  Hatchery  
  45  5:23  Queen  
  45  5:24  Drone x2  
  45  5:27  Drone x3  
  51  5:33  Drone  
  50  5:38  Drone  
  47  5:51  Drone  
  47  5:54  Zergling x4  
  49  5:58  Queen  
  46  6:05  Zergling x8  
  46  6:10  Lair  
  46  6:19  Zergling x6  
  46  6:22  Zerg Melee Weapons Level 1  
  49  6:30  Zergling x2  
  49  6:31  Zergling x10  
  54  6:33  Drone  
  54  6:35  Drone  
  54  6:36  Drone  
  57  6:48  Drone x3  
  57  6:50  Queen  
  62  6:56  Overlord  
  62  6:58  Overlord  
  62  7:14  Hydralisk Den  
  61  7:17  Drone x6  
  61  7:20  Drone  
  61  7:22  Drone  
  69  7:26  Queen  
  69  7:27  Drone x2  
  73  7:34  Centrifical Hooks  
  73  7:39  Baneling x4  
  73  7:42  Drone  
  73  7:43  Drone  
  75  7:44  Drone  
  76  7:52  Drone x4  
  76  7:53  Drone  
  76  7:55  Extractor  
  76  7:56  Extractor  
  76  7:57  Drone  
  80  8:05  Muscular Augments  
  80  8:09  Drone  
  80  8:12  Overseer  
  81  8:14  Overlord x3  
  81  8:18  Baneling  
  81  8:19  Baneling x2  
  81  8:24  Overlord  
  81  8:25  Overlord x2  
  81  8:37  Drone x3  
  81  8:38  Drone x8  
  79  8:50  Drone x8  
  79  8:55  Drone x2  
  88  8:57  Drone x3  
  91  9:03  Zerg Missile Weapons Level 1  
  91  9:05  Zergling x2  
  91  9:06  Zergling x2, Infestation Pit  
  91  9:07  Zergling x2  
  93  9:15  Zergling x4  
  95  9:24  Zergling x10  
  95  9:25  Zergling x4  
  95  9:28  Zerg Ground Armor Level 2  
  95  9:30  Zergling x6  
  95  9:31  Zergling x4  
  107  9:32  Grooved Spines  
  107  9:33  Hydralisk  
  107  9:36  Baneling x6  
  107  9:37  Baneling x4  
  109  9:47  Hydralisk x5  
  109  9:52  Hydralisk x2  
  119  9:56  Baneling x2  
  119  9:57  Overlord, Baneling x4  
  123  10:01  Hive  
  123  10:02  Drone  
  124  10:14  Overlord  
  124  10:15  Overlord x3  
  124  10:41  Hydralisk x11  
  146  10:44  Zergling x6  
  146  10:46  Extractor  
  146  10:48  Hatchery  
  147  10:50  Extractor  
  144  10:58  Zergling x22  
  151  11:11  Queen  
  151  11:12  Queen  
  150  11:41  Zerg Missile Weapons Level 2  
  150  11:47  Queen x2  
  150  11:48  Adrenal Glands  
  154  11:54  Spire  
  154  11:55  Zergling x2  
  154  11:56  Zergling x14  
  154  11:58  Ultralisk Cavern  
  160  12:01  Overlord  
  160  12:02  Overlord x3  
  160  12:11  Drone x7  
  167  12:17  Extractor  
  167  12:19  Queen, Hatchery  
  167  12:22  Extractor  
  166  12:28  Zerg Ground Armor Level 3  
  166  12:32  Baneling  
  166  12:35  Baneling x17  
  140  12:52  Zergling x28  
  140  12:53  Zergling x2  
  127  13:09  Mutalisk x7  
  141  13:13  Mutalisk  
  141  13:19  Drone x6  
  149  13:21  Drone  
  150  13:28  Drone x5  
  155  13:35  Mutalisk x2  
  155  13:39  Mutalisk x2  
  163  13:42  Drone x2  
  163  13:46  Baneling x6  
  161  14:11  Mutalisk x3  
  161  14:12  Mutalisk x8  
  175  14:22  Overseer  
  171  14:24  Greater Spire  
  171  14:30  Drone x10  
  182  14:31  Spire, Drone  
  182  14:35  Overlord  
  182  14:37  Overlord  
  181  14:39  Zerg Melee Weapons Level 2  
  181  14:47  Baneling x2  
  181  14:48  Baneling  
  181  14:52  Corruptor x3  
  187  15:06  Corruptor x5  
  197  15:50  Brood Lord, Hatchery  
  197  15:51  Brood Lord  
  197  15:52  Extractor  
  197  15:53  Extractor, Baneling  
  197  15:54  Baneling x6  
  197  15:55  Baneling x2  
  198  15:59  Zerg Flyer Armor Level 1  
  198  16:00  Zerg Flyer Weapons Level 1  
  198  16:06  Anabolic Synthesis  
  170  16:48  Chitinous Plating  
  170  16:52  Zergling x22  
  170  16:53  Zergling x52  
  200  17:30  Lurker Den  
  200  17:33  Nydus Network  
  200  17:35  Baneling x19  
  200  17:36  Baneling x4  
  198  17:41  Brood Lord  
  200  18:03  Extractor x2  
  183  18:06  Hatchery  
Show
View Real Time Build Order
Export as new Build Order

Tunkz Terran 

Build Orders: 1/1/1 

Get SALT Encoding   

  12  0:01  SCV  
  13  0:13  SCV  
  14  0:21  Supply Depot  
  14  0:26  SCV  
  15  0:31  Refinery  
  15  0:45  Barracks  
  15  0:47  SCV  
  16  1:00  SCV  
  16  1:01  Refinery  
  17  1:13  SCV  
  18  1:27  SCV  
  19  1:34  Marine  
  19  1:35  Factory  
  19  1:39  Orbital Command  
  20  1:55  Marine  
  20  1:57  Supply Depot  
  21  2:05  SCV  
  22  2:17  SCV  
  22  2:21  Factory Tech Lab  
  23  2:26  Starport  
  23  2:29  SCV  
  24  2:31  Marine  
  25  2:40  Supply Depot  
  25  2:41  SCV  
  26  2:45  Siege Tank  
  29  3:08  Marine  
  29  3:11  Medivac  
  32  3:17  Siege Tank  
  35  3:22  Supply Depot  
  35  3:24  Engineering Bay  
  35  3:26  Marine  
  36  3:37  SCV  
  37  3:48  Medivac  
  39  3:50  Siege Tank  
  42  3:57  Supply Depot  
  42  3:58  Marine  
  42  4:00  Missile Turret  
  43  4:07  SCV  
  44  4:16  Marine  
  45  4:23  Liberator  
  41  5:00  Siege Tank  
  41  5:01  SCV  
  41  5:06  Factory  
  45  5:22  Command Center  
  45  5:27  Refinery  
  45  5:32  Starport Tech Lab  
  41  5:47  Siege Tank  
  44  5:52  Factory Tech Lab  
  41  6:35  Medivac  
  41  6:36  Siege Tank  
  41  6:38  Planetary Fortress  
  46  6:42  Refinery, SCV  
  47  6:50  Rapid Reignition System  
  47  6:54  SCV  
  48  7:01  Barracks  
  48  7:06  SCV  
  49  7:09  Barracks Reactor  
  48  7:16  Liberator  
  48  7:18  SCV  
  49  7:28  SCV  
  50  7:30  SCV  
  54  7:40  SCV  
  54  7:41  Armory  
  54  7:42  SCV  
  54  7:43  Supply Depot  
  56  7:52  Barracks Tech Lab, SCV  
  56  7:54  Marine x2  
  59  8:03  Infernal Pre-Igniter  
  59  8:05  SCV  
  60  8:07  SCV  
  60  8:08  Supply Depot  
  60  8:12  Marine x2  
  62  8:17  SCV  
  62  8:19  SCV  
  65  8:23  Neosteel Armor  
  65  8:29  SCV  
  65  8:30  Marine x2  
  65  8:32  Bunker  
  68  8:41  SCV  
  69  8:48  Marine x2  
  71  8:53  SCV  
  78  8:57  Hellbat x2  
  78  8:59  Terran Vehicle And Ship Armor Level 1  
  78  9:00  SCV  
  77  9:02  Supply Depot  
  77  9:04  Raven, Command Center  
  77  9:05  SCV  
  80  9:12  SCV  
  81  9:17  SCV  
  81  9:20  Stimpack  
  82  9:26  SCV, Supply Depot  
  82  9:29  SCV  
  84  9:58  Siege Tank  
  87  10:01  Supply Depot  
  87  10:03  Marine x2  
  87  10:04  Hi-Sec Auto Tracking  
  89  10:11  Marine  
  90  10:21  Marine x2  
  90  10:25  Corvid Reactor  
  90  10:28  Siege Tank  
  95  10:29  Marine  
  95  10:30  Siege Tank  
  99  10:39  Marine x2, Missile Turret  
  101  10:46  Marine  
  102  10:57  Marine x2  
  99  11:04  Marine  
  85  11:14  Marine  
  85  11:15  Marine  
  85  11:20  Combat Shield  
  85  11:22  Marine  
  86  11:32  Marine x2  
  91  11:40  Marine, Siege Tank x2  
  91  11:42  Planetary Fortress  
  92  11:50  Marine x2  
  94  11:57  Raven  
  94  11:58  Marine, SCV  
  98  12:04  Refinery  
  98  12:07  Refinery  
  98  12:08  Marine x2  
  99  12:11  SCV  
  99  12:12  Siege Tank x2  
  107  12:16  Missile Turret  
  107  12:24  Terran Ship Weapons Level 1  
  107  12:25  SCV  
  107  12:27  SCV  
  109  12:31  Marine  
  109  12:32  Marine x2  
  112  12:37  SCV  
  112  12:44  Siege Tank  
  112  12:49  Marine, SCV  
  74  13:17  Marine  
  74  13:18  Marine x2  
  74  13:19  Siege Tank  
  80  13:20  Siege Tank  
  83  13:35  Marine x2  
  83  13:36  Marine  
  86  13:43  Missile Turret  
  86  13:52  Siege Tank  
  86  13:54  Siege Tank  
  87  14:24  Siege Tank  
  90  14:38  Missile Turret  
  90  14:42  Siege Tank  
  90  14:43  Raven  
  90  14:45  Terran Vehicle And Ship Armor Level 2  
  95  14:46  SCV  
  96  14:56  Siege Tank  
  96  14:58  SCV  
  96  14:59  Command Center  
  100  15:02  Missile Turret  
  100  15:04  Marine x3  
  103  15:14  Siege Tank  
  106  15:22  Marine x3  
  106  15:27  Missile Turret  
  109  15:28  Drilling Claws  
  109  15:35  Siege Tank  
  112  15:39  Marine x2  
  112  15:40  Marine  
  115  15:43  SCV  
  116  15:50  Liberator, Missile Turret x2  
  116  15:55  SCV  
  117  15:57  Marine x3  
  117  15:58  Missile Turret x2  
  123  16:15  Marine x3  
  126  16:25  Refinery  
  126  16:33  Marine  
  126  16:34  Refinery  
  104  16:55  Missile Turret  
  104  16:56  Missile Turret  
  104  17:07  Command Center  
  104  17:13  Command Center  
  104  18:02  Missile Turret  
  85  18:05  Missile Turret  
Tags
 
Add a new tag
Caveats
  • Supply blocks, unpowered buildings, or Contaminate may cause inaccurate times.
  • Supply counts are checked every 10 seconds.